 Dungeon Crawl Stone Soup version 0.25-a0-479-g8579842 (webtiles) character file.

Game seed: 15034857482146869824, levelgen mode: deterministic

244 15 the Ruffian (level 5, 10/41 HPs)
             Began as a Draconian Transmuter on Feb 9, 2020.
             Quit the game on level 4 of the Dungeon.
             The game lasted 00:09:11 (2657 turns).

15 the Ruffian (Draconian Transmuter)               Turns: 2657, Time: 00:09:11

Health: 10/41      AC:  6    Str: 12 (14) XL:     5   Next: 83%
Magic:  9/9        EV: 13    Int: 12 (13) God:
Gold:   59         SH:  0    Dex:  9 (11) Spells: 3/9 levels left

rFire    . . .     SeeInvis .     - Unarmed
rCold    . . .     Gourm    .   (no shield)
rNeg     . . .     Faith    .   (armour unavailable)
rPois    .         Spirit   .   (helmet restricted)
rElec    .         Reflect  .   h - +0 cloak
rCorr    .         Harm     .   (no gloves)
MR       .....                  (no boots)
Stlth    ++........             q - amulet of the acrobat
HPRegen  0.13/turn              j - ring of stealth
MPRegen  0.11/turn              (no ring)

@: no status effects
A: unfitting armour, claws 1, no potion heal 1, cold-blooded, AC +5
a: no special abilities


You were on level 4 of the Dungeon.
You were not hungry.

You visited 1 branch of the dungeon, and saw 4 of its levels.
You also visited: Sewer.

You collected 119 gold pieces.
You spent 60 gold pieces at shops.

Inventory:

Missiles
 a - 39 arrows
Armour
 h - a +0 cloak (worn)
Jewellery
 j - a ring of stealth (left claw)
 k - an uncursed ring of fire
 q - an amulet of the acrobat (around neck)
Wands
 n - a wand of random effects (19)
Scrolls
 b - a scroll of remove curse
 g - a scroll of fear
 i - a scroll of teleportation
 p - a scroll of enchant weapon {unknown}
Potions
 d - a potion of curing
 m - 2 potions of brilliance
Comestibles
 c - 7 rations
 f - 8 chunks of flesh


   Skills:
 * Level 2.2 Fighting
 * Level 3.3 Dodging
 + Level 0.7 Stealth
 + Level 4.3 Unarmed Combat
 * Level 2.8 Spellcasting
 * Level 2.8 Transmutations


You had 3 spell levels left.
You knew the following spells:

 Your Spells              Type           Power        Failure   Level  Hunger
a - Beastly Appendage     Tmut           #.....       8%          1    #......
b - Sticks to Snakes      Tmut           #.......     12%         2    ###....
c - Spider Form           Tmut/Pois      #.........   38%         3    ###....

Your spell library contained the following spells:

 Spells                   Type           Power        Failure   Level  Hunger
 Ice Form                 Ice/Tmut       #.......     80%         4    #####..
 Blade Hands              Tmut           #.........   91%         5    ######.


Dungeon Overview and Level Annotations

Branches:
Dungeon (4/15)              Sewer (visited)
 Temple: D:4-7

Altars:
Dithmenos
Okawaru
Trog
The Shining One

Shops:
D:4 %


Innate Abilities, Weirdness & Mutations

Your plain brown scales are hard. (AC +5)
You cannot fit into any form of body armour.
You are cold-blooded and may be slowed by cold attacks.
You have sharp fingernails.
Potions are less effective at restoring your health.


Message History

You kill the orc priest!
The orc misses you. The orc wizard misses you.
The frilled lizard bites you but does no damage.
The orc wizard barely misses you.
Items here: ) [[ † a cursed -3 falchion; a +0 ring mail; a +0 leather armour; an orc corpse Unknown command.
It was a potion of degeneration.
There was something very wrong with that liquid.
You feel weakened.
You feel dopey.
You feel clumsy.
The orc wizard hits you but does no damage.
The orc misses you.
The frilled lizard bites you but does no damage.
It was a potion of mutation.
You feel extremely strange.
You feel resistant to heat.
You no longer feel heat resistant.
Your system partially rejects the healing effects of potions.
Your fingernails lengthen.
The orc wizard closely misses you. The orc barely misses you.
The frilled lizard bites you but does no damage.
Are you sure you want to abandon this character and quit the game? (Confirm with "yes".)

.............
.............#
#.............
#............
#..........
#.........#
#..%...l..#
#.....o@.#
#.....o..#
#.......##
#.......#
##......#
#......#
#.....##
#......#
#......#


You could see an orc wizard, an orc and a frilled lizard.

Vanquished Creatures
  Purgy (Sewer)
  An orc priest (D:4)
  3 adders
  2 oozes
  2 worms
  2 dart slugs
  4 leopard geckos
  5 orcs (D:4)
  11 bats
  4 giant cockroaches
  5 goblins (D:1)
  9 hobgoblins
  7 kobolds
  A quokka (D:2)
  5 frilled lizards
  11 rats
73 creatures vanquished.

Notes
Turn   | Place    | Note
-------+----------+-------------------------------------------
     0 | D:1      | 15 the Draconian Transmuter began the quest for the Orb.
     0 | D:1      | Reached XP level 1. HP: 16/16 MP: 3/3
   121 | D:1      | Reached XP level 2. HP: 17/23 MP: 5/5
   468 | D:1      | Reached XP level 3. HP: 27/28 MP: 4/6
   477 | D:1      | Learned a level 2 spell: Sticks to Snakes
   481 | D:1      | Learned a level 3 spell: Spider Form
  1517 | D:2      | Reached XP level 4. HP: 25/35 MP: 7/7
  1776 | D:3      | Found an iron altar of Okawaru.
  1776 | D:3      | Found a bloodstained altar of Trog.
  1812 | D:3      | Found a glowing drain.
  1816 | Sewer    | Entered a sewer
  1850 | Sewer    | Noticed Purgy
  1891 | Sewer    | Killed Purgy
  1891 | Sewer    | Reached skill level 4 in Unarmed Combat
  1891 | Sewer    | Reached XP level 5. HP: 22/41 MP: 5/9
  2365 | D:3      | Found a glowing golden altar of the Shining One.
  2451 | D:3      | Found a shadowy altar of Dithmenos.
  2609 | D:4      | Found Unuqaej's Food Shop.
  2617 | D:4      | Bought a ration for 60 gold pieces
  2656 | D:4      | Gained mutation: Your flesh is heat resistant. (rF+)
                  | [potion of mutation]
  2656 | D:4      | Lost mutation: Your flesh is heat resistant. (rF+) [potion
                  | of mutation]
  2656 | D:4      | Gained mutation: Potions are less effective at restoring
                  | your health. [potion of mutation]
  2656 | D:4      | Gained mutation: You have sharp fingernails. [potion of
                  | mutation]
  2657 | D:4      | Quit the game

Levels and vault maps discovered:
D:1:      sevenhm_arrival_forest_fort_large_2, layout_loops_cross
D:2:      layout_loops_cross, minmay_misc_feat_enclosed, st_stairs_7,
          minmay_domino_2
D:3:      layout_basic, gammafunk_temple_overflow_wave, marbit_many_paths,
          gup_sewer_entry_bowl, nicolae_dithmenos_through_a_glass_darkly
D:4:      layout_cave_pods, first_ration, serial_shops, shop

Skill      XL: |  1  2  3  4 |
---------------+-------------+-----
Dodging        | 2 3 |  3.3
Fighting       | 2 |  2.2
Unarmed Combat | 4 |  4.3
Stealth        | |  0.7
Spellcasting   | |  2.8
Transmutations | |  2.8

Action                   |  1- 3 |  4- 6 || total
-------------------------+-------+-------++-------
Melee: Unarmed           |   166 |   111 ||   277
       Tailslap          |    13 |    15 ||    28
       Kick              |     4 |     5 ||     9
       Headbutt          |     3 |     4 ||     7
       Punch             |     2 |     2 ||     4
 Cast: Beastly Appendage |    14 |     8 ||    22
       Spider Form       |       |     1 ||     1
  Use: Scroll            |     7 |     1 ||     8
       Potion            |       |     4 ||     4
 Stab: Sleeping          |     1 |     1 ||     2
  Eat: Chunk             |     2 |     4 ||     6
Armor: Skin              |    72 |    41 ||   113
Dodge: Dodged            |   120 |   113 ||   233

Table legend:
 A = Non-vault XP
 B = Vault XP
 C = Vault XP percentage of total XP
 D = Non-vault monster count
 E = Vault monster count
 F = Vault count percentage of total count
                 A         B        C        D         E       F
            +---------+---------+-------+---------+---------+-------
      Total |     189 |     160 |  45.8 |      60 |      13 |  17.8
            +---------+---------+-------+---------+---------+-------
        D:1 |      55 |       0 |   0.0 |      28 |       0 |   0.0
        D:2 |      40 |      14 |  25.9 |      12 |       2 |  14.3
        D:3 |      33 |      10 |  23.3 |      12 |       5 |  29.4
        D:4 |      61 |       0 |   0.0 |       8 |       0 |   0.0
      Sewer |       0 |     136 | 100.0 |       0 |       6 | 100.0
            +---------+---------+-------+---------+---------+-------
